 Dungeon Crawl Stone Soup version 0.18.1-48-g4cf74bf (webtiles) character file.

25 WarriorsX the Magician (level 2, 0/17 HPs)
             Began as a High Elf Wizard on Aug 9, 2016.
             Slain by a worm (10 damage)
             ... on level 2 of the Dungeon.
             The game lasted 00:02:28 (959 turns).

WarriorsX the Magician (High Elf Wizard)             Turns: 959, Time: 00:02:29

Health: 0/17       AC:  5    Str:  6    XL:     2   Next: 86%
Magic:  1/8        EV:  9    Int: 21    God:
Gold:   78         SH:  0    Dex: 13    Spells: 1 memorised, 8 levels left

rFire  . . .     SeeInvis .     (no weapon)
rCold  . . .     Gourm    .     n - +0 ring mail (curse)
rNeg   . . .     Faith    .     (no shield)
rPois  .         Spirit   .     b - +0 hat
rElec  .         Dismiss  .     (no cloak)
rCorr  .         Reflect  .     (no gloves)
SustAt .         Harm     .     (no boots)
MR     .....                    k - amulet of rage
Stlth  +.........               (no ring)
                                (no ring)

@: very slightly contaminated, not resistant to hostile enchantments, very
unstealthy
A: claws 1, horns 1, deterioration 1
a: Evoke Berserk Rage


You were on level 2 of the Dungeon.
You were not hungry.

You visited 1 branch of the dungeon, and saw 2 of its levels.

You collected 78 gold pieces.

Inventory:

Armour
 a - a +0 robe
 b - a +0 hat (worn)
 n - a cursed +0 ring mail (worn)
Jewellery
 k - an amulet of rage (around neck)
Scrolls
 e - a scroll of identify
 j - a scroll of teleportation
Potions
 f - a potion of lignification
 m - a potion of brilliance
Books
 c - a book of Minor Magic

   Spells                             Type                      Level
   a - Magic Dart                     Conjuration                  1
   b - Blink                          Translocation                2
   c - Call Imp                       Summoning                    2
   d - Repel Missiles                 Charms/Air                   2
   e - Slow                           Hexes                        2
   f - Conjure Flame                  Conjuration/Fire             3
   g - Mephitic Cloud                 Conjuration/Poison/Air       3
Comestibles
 d - 2 bread rations
 g - a slice of pizza
 h - a beef jerky
 i - a meat ration


   Skills:
 - Level 2.1 Dodging
 - Level 2.1 Stealth
 - Level 4.0 Spellcasting
 + Level 2.7 Conjurations
   Level 0.8 Summonings
   Level 1.1 Translocations


You had 8 spell levels left.
You knew the following spells:

 Your Spells              Type           Power        Failure   Level  Hunger
a - Magic Dart            Conj           ###.         17%         1    None


Dungeon Overview and Level Annotations

Branches:
Dungeon (2/15)

Altars:


Innate Abilities, Weirdness & Mutations

You have sharp fingernails.
You have a pair of small horns on your head.
Your body sometimes deteriorates upon taking damage.


Message History

You don't have enough magic to cast that spell.
Casting: Magic Dart
Confirm with . or Enter, or press ? or * to list all spells.
You don't have enough magic to cast that spell.
Casting: Magic Dart
Confirm with . or Enter, or press ? or * to list all spells.
You don't know that spell.
You scratch the worm.
The worm is severely wounded.
The worm bites you but does no damage.
You scratch the worm.
The worm is severely wounded.
You completely miss the worm. Your headbutt misses the worm.
The worm is severely wounded.
The worm bites you!
You barely miss the worm.
The worm is heavily wounded.
The worm bites you!
Ouch! That really hurt!
You die...

.. . #. .#+## .. ....#
#. #####...# ##
#.#.##.......# .#
#.#.##.##....####. .#
#.#.##.##.@....... .#
#.#......####w######
.####.#.............
.#........#...........
...............<........
.#.##.#.#.######........
.#..#.#.................
.##.#.###...####........
.##.#.# #...# .


You could see a worm.

Vanquished Creatures
  An ooze (D:2)
  A giant gecko (D:1)
  3 giant cockroaches
  3 hobgoblins
  2 bats (D:1)
  2 giant newts
  2 goblins (D:1)
  3 kobolds (D:1)
  4 rats (D:1)
21 creatures vanquished.

Notes
Turn   | Place    | Note
--------------------------------------------------------------
     0 | D:1      | WarriorsX the High Elf Wizard began the quest for the Orb.
     0 | D:1      | Reached XP level 1. HP: 11/11 MP: 6/6
   187 | D:1      | Reached skill level 4 in Spellcasting
   279 | D:1      | Reached XP level 2. HP: 17/17 MP: 1/8
   311 | D:1      | Gained mutation: Your body sometimes deteriorates upon taking damage. [potion of mutation]
   311 | D:1      | Gained mutation: You have a pair of small horns on your head. [potion of mutation]
   311 | D:1      | Gained mutation: You have sharp fingernails. [potion of mutation]
   959 | D:2      | Slain by a worm

Skill      XL: |  1  2 |
---------------+-------+-----
Spellcasting   | 4 |  4.0
Conjurations   | 2 |  2.7
Dodging        | |  2.1
Stealth        | |  2.1
Summonings     | |  0.8
Translocations | |  1.1

Action                   || total
-------------------------++-------
Melee: Unarmed           ||    13
       Headbutt          ||     1
 Cast: Magic Dart        ||    47
  Use: Potion            ||     6
       Scroll            ||     2
Armor: Ring mail         ||    10
Dodge: Dodged            ||    19
